 Dungeon Crawl Stone Soup version 0.29.1-debian-1-gc3f1650bb9 (webtiles) character file.

Game seed: 15931716520717060363

9 ytrimaz the Chopper (level 2, 23/23 HPs)
             Began as a Demonspawn Gladiator on Sept 12, 2022.
             Quit the game on level 1 of the Dungeon.
             The game lasted 00:00:43 (757 turns).

ytrimaz the Chopper (Demonspawn Gladiator)           Turns: 757, Time: 00:00:43

Health: 23/23      AC:  5    Str: 14    XL:     2   Next: 6%
Magic:  2/2        EV: 12    Int:  9    God:
Gold:   97         SH:  0    Dex: 14    Spells: 1/1 levels left

rFire   . . .      SeeInvis .   a - +0 war axe
rCold   . . .      Faith    .   (no shield)
rNeg    . . .      Spirit   .   b - +0 leather armour
rPois   +          Reflect  .   c - +1 helmet
rElec   .          Harm     .   (no cloak)
rCorr   .          Rampage  .   (no gloves)
Will    .....                   (no boots)
Stlth   +.........              (no amulet)
HPRegen 0.07/turn               i - ring of poison resistance
MPRegen 0.08/turn               (no ring)

@: no status effects
A: demonic magic 1
a: no special abilities


You were on level 1 of the Dungeon.
You visited 1 branch of the dungeon, and saw 1 of its levels.

You collected 97 gold pieces.


Innate Abilities, Weirdness & Mutations

Spells you cast may paralyse adjacent enemies.


   Skills:
 * Level 2.6 Fighting
 + Level 2.9 Axes
 - Level 1.7 Throwing
 - Level 2.6 Dodging


You had one spell level left.
You didn't know any spells.
Your spell library was empty.

Inventory:

Hand Weapons
 a - a +0 war axe (weapon)
Missiles
 d - 3 throwing nets (quivered)
 e - a javelin
Armour
 b - a +0 leather armour (worn)
 c - a +1 helmet (worn)
Jewellery
 i - a ring of poison resistance (left hand)
   (You found it on level 1 of the Dungeon)
Potions
 f - a potion of curing
 g - a potion of mutation {unknown}
 h - a potion of brilliance {unknown}
 j - a potion of degeneration {unknown}

Dungeon Overview and Level Annotations

Branches:
Dungeon (1/15) Zot: 5232

Altars:

##+## #.#.##. ##...##
#.#..#. ### ##...).##
#.##.#. ...
##.......###.##.#.
..#
#.........##.#....
#.J+.........'.......
#.#........)####...#
#.#.......## ##)##
##@#.....## #.##
#.###...## #... #.#
##+## #### #.# #.# #
#.# ##.###### # #.
#.......####### #
##..............
#.....##.#######
...####....##.#


You could see an endoplasm (asleep).


Message History

The hobgoblin shouts!
You slash the hobgoblin!
You kill the hobgoblin! 😎 HP[+1]
You now have 17 max hp (+1).
Your hp is fully restored (17).
No target in view!
Unknown command.
No target in view!
No target in view!
i - a ring of poison resistance
i - a ring of poison resistance (left hand)
j - a scroll labelled ZAAPAESYME Unknown command.
k - a scroll labelled QOXKUCW ZYSAG A rat comes into view.
You closely miss the rat. The rat barely misses you.
You slash the rat!
You kill the rat!
You see here a rat corpse.
No target in view!
Key pressed, stopping explore.
No target in view!
As you read the scroll labelled ZAAPAESYME, it crumbles to dust.
It is a scroll of enchant armour.
Your +0 helmet glows green for a moment.
As you read the scroll labelled QOXKUCW ZYSAG, it crumbles to dust.
It is a scroll of identify.
f - a potion of curing You open the door.
Key pressed, stopping explore.
There is an open door here.
There is an open door here.
Key pressed, stopping explore.
Key pressed, stopping explore.
j - an emerald potion A goblin comes into view.
It is wielding a +0 dagger.
The goblin hits you but does no damage.
A goblin is nearby!
A goblin is nearby!
You closely miss the goblin. The goblin completely misses you.
A goblin is nearby!
You barely miss the goblin. The goblin closely misses you.
You closely miss the goblin.
The goblin hits you but does no damage. x2
You barely miss the goblin. The goblin closely misses you.
A goblin is nearby!
You barely miss the goblin. The goblin barely misses you.
The goblin misses you.
You hit the goblin.
You kill the goblin!
You have reached level 2!
Your demonic ancestry asserts itself...
A menacing aura infuses your magic. 😎 HP[+6] MP[+1]
You now have 23 max hp (+6).
Your hp is fully restored (23).
Your mp is fully restored (2).
No target in view!
Things that are here:
a +0 dagger; a goblin corpse No target in view!
You now have 97 gold pieces (gained 8).
You see here a +0 helmet.
You open the door.
A rat comes into view.
A rat is nearby!
A ball python comes into view.
The rat closely misses you.
There is an open door here.
You barely miss the rat. The rat barely misses you.
You closely miss the rat.
The ball python hisses angrily.
The rat bites you but does no damage. The rat bites you. 😕 HP[-1]
You take 1 damage, and now have 22/23 hp.
You completely miss the rat. The rat closely misses you.
Unknown command.
You barely miss the rat. The rat bites you. 😕 HP[-2]
You take 2 damage, and now have 20/23 hp.
The rat closely misses you.
The ball python bites you but does no damage.
The ball python misses you. 😕 HP[+1] Unknown command.
You closely miss the ball python. You slash the rat!
You kill the rat!
The ball python bites you but does no damage.
The ball python grabs you. The ball python constricts you.
The ball python closely misses you. The ball python constricts you.
You hit the ball python.
You kill the ball python!
You see here a +0 club.
An endoplasm comes into view. 😎 HP[+2]
Your hp is fully restored (23).
An endoplasm is nearby!
Unknown command.
An endoplasm is nearby!
An endoplasm is nearby!
Are you sure you want to abandon this character and quit the game? (Confirm with "yes".)

Action                   || total
-------------------------++-------
Melee: War axe           ||    30
  Use: Scroll            ||     3
Armor: Leather armour    ||    13
Dodge: Dodged            ||    21

Levels and vault maps discovered:
D:1:      spicycebolla_arrival_clurvy, layout_loops_corners,
          basic_ecumenical_altar

Notes
Turn   | Place    | Note
-------+----------+-------------------------------------------
     0 | D:1      | ytrimaz the Demonspawn Gladiator began the quest for the
                  | Orb.
     0 | D:1      | Reached XP level 1. HP: 16/16 MP: 1/1
     0 | D:1      | magus.rc [v1.9.6]
   106 | D:1      | Found a faded altar of an unknown god.
   694 | D:1      | Gained mutation: Spells you cast may paralyse adjacent
                  | enemies. [demonic ancestry]
   694 | D:1      | Reached XP level 2. HP: 23/23 MP: 2/2
   757 | D:1      | Quit the game

Vanquished Creatures
  An endoplasm (D:1)
  3 goblins (D:1)
  A hobgoblin (D:1)
  2 ball pythons (D:1)
  2 rats (D:1)
9 creatures vanquished.

Table legend:
 A = Non-vault XP
 B = Vault XP
 C = Vault XP percentage of total XP
 D = Non-vault monster count
 E = Vault monster count
 F = Vault count percentage of total count
                 A         B        C        D         E       F
            +---------+---------+-------+---------+---------+-------
      Total |      14 |       0 |   0.0 |       9 |       0 |   0.0
            +---------+---------+-------+---------+---------+-------
        D:1 |      14 |       0 |   0.0 |       9 |       0 |   0.0
            +---------+---------+-------+---------+---------+-------

Illustrated notes

Table legend:
 A = Kills in this place as a percentage of kills in entire the game.
 B = Kills by you in this place as a percentage of kills by you in the entire game.
 C = Kills by friends in this place as a percentage of kills by friends in the entire game.
 D = Other kills in this place as a percentage of other kills in the entire game.
 E = Experience gained in this place as a percentage of experience gained in the entire game.
 F = Experience gained in this place divided by the number of levels of this place that you have seen.
                   A       B       C       D       E      F
               +-------+-------+-------+-------+-------+----------------------
         Total | 100.0 | 100.0 |   N/A |   N/A | 100.0 |  14.0
       Dungeon | 100.0 | 100.0 |   N/A |   N/A | 100.0 |  14.0
               +-------+-------+-------+-------+-------+----------------------

Table legend: (Time is in decaauts)
 A = Elapsed time spent in this place.
 B = Non-inter-level travel time spent in this place.
 C = Inter-level travel time spent in this place.
 D = Time resting spent in this place.
 E = Time spent auto-exploring this place.
 F = Levels seen in this place.
 G = Mean time per level.
                   A        B        C        D        E       F      G
               +--------+--------+--------+--------+--------+-----+--------+
         Total |    767 |    767 |      0 |      0 |    672 |   1 |  767.0 |
       Dungeon |    767 |    767 |      0 |      0 |    672 |   1 |  767.0 |
               +--------+--------+--------+--------+--------+-----+--------+

Top non-repeatable levels by time:
     D:1: 767 daAuts
